 Dungeon Crawl Stone Soup version 0.21-a0-591-g2314aa1 (webtiles) character file.

3807 Amnesiac the Frost Mage (level 9, -1/50 HPs)
             Began as a Deep Elf Ice Elementalist on Dec 22, 2017.
             Was an Elder of Vehumet.
             Slain by a wolf (4 damage)
             ... led by Grum
             ... on level 7 of the Dungeon.
             The game lasted 00:14:22 (6577 turns).

Amnesiac the Frost Mage (Deep Elf Ice Elementalist) Turns: 6577, Time: 00:14:22

Health: -1/50      AC: 10    Str: 10    XL:     9   Next: 96%
Magic:  1/23       EV: 12    Int: 24    God:    Vehumet [****..]
Gold:   415        SH:  5    Dex: 17    Spells: 8/25 levels left

rFire    . . .     SeeInvis .   P - +4 spear "Tegot" {pierce, MR+ Dex+2}
rCold    . . .     Gourm    .   F - +0 buckler
rNeg     . . .     Faith    .   J - +0 troll leather armour {Purgy}
rPois    .         Spirit   .   (helmet restricted)
rElec    .         Reflect  .   S - +0 cloak
rCorr    .         Harm     .   l - +2 pair of gloves
MR       +....                  D - +0 pair of boots
Stlth    +++.......             f - amulet of rage
HPRegen  0.56/turn              y - ring of stealth
MPRegen  0.18/turn              O - ring of flight

@: mighty
A: horns 1, rugged brown scales 1, blurry vision 1
a: Renounce Religion, Evoke Berserk Rage, Evoke Flight


You were on level 7 of the Dungeon.
You worshipped Vehumet.
Vehumet was greatly pleased with you.
You were not hungry.

You visited 2 branches of the dungeon, and saw 9 of its levels.
You also visited: Sewer.

You collected 415 gold pieces.

Inventory:

Hand Weapons
 o - a +1 dagger of protection
 B - a +1 dagger of electrocution
 K - a +0 morningstar of protection
 M - a +0 dagger of venom
 P - the +4 spear "Tegot" (weapon) {pierce, MR+ Dex+2}
   (You found it on level 7 of the Dungeon)

   It inflicts extra damage upon your enemies.
   It affects your dexterity (+2).
   It affects your resistance to hostile enchantments.
Missiles
 p - 176 stones (quivered)
 E - 3 curare-tipped needles
 G - 25 poisoned needles
 H - 4 throwing nets
Armour
 l - a +2 pair of gloves (worn)
 D - a +0 pair of boots (worn)
 F - a +0 buckler (worn)
 J - a +0 troll leather armour (worn) {Purgy}
 S - a +0 cloak (worn)
Jewellery
 f - an amulet of rage (around neck)
 y - a ring of stealth (left hand)
 O - a ring of flight (right hand)
Scrolls
 a - 2 scrolls of fear {!r, unknown}
 d - 2 scrolls of blinking {!r, unknown}
 g - a scroll of teleportation {!r, unknown}
 j - a scroll of enchant armour {!r, unknown}
 q - 3 scrolls of identify {!r, unknown}
 r - 11 scrolls of remove curse {!r}
 t - 4 scrolls of magic mapping {!r, unknown}
 u - 2 scrolls of enchant weapon {!r, unknown}
 x - 2 scrolls of fog {!r, unknown}
 I - a scroll of noise {!r, unknown}
 Q - a scroll of vulnerability {!r, unknown}
Potions
 e - a potion of resistance {!q, unknown}
 h - 3 potions of mutation {!q}
 i - 3 potions of might {!q}
 k - 2 potions of brilliance {!q, unknown}
 m - 2 potions of cancellation {!q, unknown}
 n - 2 potions of degeneration {!q, unknown}
 s - a potion of flight {!q, unknown}
 v - a potion of agility {!q, unknown}
 w - 3 potions of heal wounds {!q, unknown}
 z - 3 potions of curing {!q, unknown}
 A - a potion of magic {!q, unknown}
 L - a potion of haste {!q, unknown}
 N - a potion of ambrosia {!q, unknown}
Books
 b - a book of Frost

   Spells                             Type                      Level
   a - Freeze                         Ice                          1
   b - Throw Frost                    Conjuration/Ice              2
   c - Ozocubu's Armour               Charms/Ice                   3
   d - Throw Icicle                   Conjuration/Ice              4
   e - Summon Ice Beast               Ice/Summoning                4
 C - a book of Minor Magic

   Spells                             Type                      Level
   a - Magic Dart                     Conjuration                  1
   b - Blink                          Translocation                2
   c - Call Imp                       Summoning                    2
   d - Slow                           Hexes                        2
   e - Conjure Flame                  Conjuration/Fire             3
   f - Mephitic Cloud                 Conjuration/Poison/Air       3
Comestibles
 c - 13 rations
 R - 4 chunks of flesh


   Skills:
 - Level 2.4 Fighting
 - Level 2.4 Dodging
 - Level 2.4 Stealth
 + Level 3.2 Shields
 - Level 8.5 Spellcasting
 - Level 9.5 Conjurations
 - Level 9.5 Ice Magic


You had 8 spell levels left.
You knew the following spells:

 Your Spells              Type           Power        Failure   Level  Hunger
a - Throw Icicle          Conj/Ice       ######..     1%          4    ##.....
b - Ozocubu's Armour      Chrm/Ice       ####....     3%          3    None
c - Summon Ice Beast      Ice/Summ       ####....     13%         4    ##.....
d - Freeze                Ice            ####         1%          1    None
s - Conjure Flame         Conj/Fire      ####....     1%          3    None
v - Blink                 Tloc           N/A          14%         2    None


Dungeon Overview and Level Annotations

Branches:
Dungeon (8/15)             Temple (1/1) D:4
   Lair: D:8-11

Altars:
Ashenzari
Dithmenos
Hepliaklqana
Kikubaaqudgha
Makhleb
Nemelex Xobeh
Sif Muna
Trog
Uskayaw
Vehumet
Xom
Zin

Shops:
D:6 *   D:8 (

Annotations:
D:8 Erica, Grum


Innate Abilities, Weirdness & Mutations

You have a pair of small horns on your head.
You are partially covered in rugged brown scales. (AC +1, +3% HP)
Scrolls take you a little longer to read.


Message History

The shard of ice hits the wolf.
The wolf is moderately wounded.
The wolf bites you. The wolf bites you but does no damage. The wolf bites you.
You block the wolf's attack.
Casting: Throw Icicle
Confirm with . or Enter, or press ? or * to list all spells.
Aiming: Throw Icicle
Press: ? - help, Shift-Dir - straight line, f/p - wolf
Aim: a wolf (moderately wounded)
The shard of ice hits the wolf.
The wolf is heavily wounded.
The wolf bites you. x2; The wolf bites you!
* * * LOW HITPOINT WARNING * * *
The wolf bites you.
* * * LOW HITPOINT WARNING * * *
Casting: Throw Icicle
Confirm with . or Enter, or press ? or * to list all spells.
Aiming: Throw Icicle
Press: ? - help, Shift-Dir - straight line, f/p - wolf
Aim: a wolf (heavily wounded)
The shard of ice misses the wolf.
The wolf bites you but does no damage. You block the wolf's attack.
Casting: Throw Icicle
Confirm with . or Enter, or press ? or * to list all spells.
Aiming: Throw Icicle
Press: ? - help, Shift-Dir - straight line, f/p - wolf
Aim: a wolf (heavily wounded)
The shard of ice hits the wolf.
You kill the wolf!
Vehumet accepts your kill.
You feel your power returning. You block the wolf's attack. x2
Casting: Throw Icicle
Confirm with . or Enter, or press ? or * to list all spells.
Aiming: Throw Icicle
Press: ? - help, Shift-Dir - straight line, f - wolf
Aim: a wolf The shard of ice misses the wolf.
The wolf bites you.
* * * LOW HITPOINT WARNING * * *
The wolf bites you.
* * * LOW HITPOINT WARNING * * *
Casting: Throw Icicle
Confirm with . or Enter, or press ? or * to list all spells.
You don't have enough magic to cast that spell.
Casting: Throw Icicle
Confirm with . or Enter, or press ? or * to list all spells.
Aiming: Freeze
Press: ? - help, Shift-Dir - straight line, f/p - wolf
Aim: a wolf You freeze the wolf.
The wolf is moderately wounded.
The wolf bites you!
* * * LOW HITPOINT WARNING * * *
The wolf barely misses you.
Unknown command.
Really quaff
h - 4 white potions {!q}?
It was a potion of mutation {!q}.
You feel extremely strange.
Rugged brown scales grow over part of your body.
Your vision blurs.
A pair of horns grows on your head! The wolf bites you but does no damage.
Really quaff
i - 4 fizzy amethyst potions {!q}?
It was a potion of might {!q}.
You feel very mighty all of a sudden. You block the wolf's attack.
The wolf bites you.
You die...

.........# #.# #.# #..<....##
##'## ####.#### ##.....## ##...##
#.......# ##...### ##.....##
#....##.# ##..#.##
##.......###..#†##.#
#####....####.........##.......#
............'.........+.......##
#.#######.###....†....###....####
#.# #.# ##..@....## #.#...).. #.#
#.# ##..h..## #.#.##### #.# #.#
##...## #.#.##### #.# #)# ##+##
#......## #.# #.# #.# ###.##.##
#.#######.#######.# #.##.##
#..............##.## #......
####.###.#.###.#...## ####.##
###.###..#.........# #.#


You could see a wolf.

Vanquished Creatures
  Prince Ribbit (D:7)
  Sigmund (D:5)
  A hungry ghost (D:7)
  A water moccasin (D:5)
  2 sky beasts
  A black bear (D:6)
  2 ice beasts
  Purgy (Sewer)
  2 necrophages (D:6)
  An ogre (D:6)
  2 phantoms
  2 wolves
  A centaur (D:7)
  A big kobold (D:7)
  Blork the orc (D:5)
  5 bullfrogs
  A gnoll sergeant (D:7)
  4 scorpions
  5 howler monkeys
  5 crimson imps
  4 hounds
  A jelly (D:7)
  7 orc wizards
  An orc priest (D:7)
  Crazy Yiuf (D:7)
  A centaur skeleton (D:5)
  3 iguanas
  2 worker ants
  2 hound skeletons
  A hound zombie (D:7)
  A worker ant zombie (D:7)
  8 gnolls
  11 adders
  2 shadow imps (D:7)
  An ooze (D:3)
  An adder skeleton (D:5)
  2 worms
  4 leopard geckos
  21 orcs
  A ball python (D:2)
  2 bat zombies (D:5)
  11 giant cockroaches
  5 goblins
  8 hobgoblins
  14 jackals
  2 quokkas
  8 bats
  3 frilled lizards
  A jackal skeleton (D:4)
  10 kobolds
  2 quokka skeletons
  11 rats
192 creatures vanquished.

Notes
Turn   | Place    | Note
-------+----------+-------------------------------------------
     0 | D:1      | Amnesiac the Deep Elf Ice Elementalist began the quest for the Orb.
     0 | D:1      | Reached XP level 1. HP: 10/10 MP: 6/6
   217 | D:2      | Found a glowing silver altar of Zin.
   218 | D:2      | Found a deep blue altar of Sif Muna.
   224 | D:2      | Found a radiant altar of Vehumet.
   224 | D:2      | Found a shimmering altar of Xom.
   225 | D:2      | Found a hide-covered altar of Uskayaw.
   228 | D:2      | Found a shattered altar of Ashenzari.
   229 | D:2      | Found a shadowy altar of Dithmenos.
   232 | D:2      | Became a worshipper of Vehumet
   291 | D:2      | Reached XP level 2. HP: 15/15 MP: 1/8
   565 | D:1      | Found a sparkling altar of Nemelex Xobeh.
   939 | D:2      | Reached XP level 3. HP: 13/19 MP: 6/10
   947 | D:2      | Learned a level 3 spell: Ozocubu's Armour
  1062 | D:2      | Reached * piety under Vehumet
  1062 | D:2      | Offered knowledge of Shock by Vehumet.
  1306 | D:2      | You fall through a shaft!
  1511 | D:3      | Reached skill level 5 in Spellcasting
  1511 | D:3      | Reached XP level 4. HP: 18/24 MP: 9/13
  1750 | D:3      | Learned a level 4 spell: Throw Icicle
  1755 | D:3      | Learned a level 4 spell: Summon Ice Beast
  1758 | D:3      | Learned a level 2 spell: Blink
  1869 | D:3      | Offered knowledge of Sting by Vehumet.
  1890 | D:3      | Reached ** piety under Vehumet
  1890 | D:3      | Reached XP level 5. HP: 13/28 MP: 11/15
  2129 | D:3      | Found a deep blue altar of Sif Muna.
  2156 | D:4      | Noticed a sky beast
  2162 | D:4      | Found a staircase to the Ecumenical Temple.
  2169 | Temple   | Entered the Ecumenical Temple
  2264 | Temple   | Killed a sky beast
  2264 | Temple   | Reached XP level 6. HP: 23/32 MP: 6/17
  2269 | Temple   | Learned a level 3 spell: Conjure Flame
  2534 | Temple   | Reached skill level 5 in Ice Magic
  2537 | Temple   | Reached skill level 5 in Conjurations
  2662 | D:4      | Reached XP level 7. HP: 21/36 MP: 5/18
  2857 | D:4      | Found a bloodstained altar of Trog.
  3166 | D:5      | Entered Level 5 of the Dungeon
  3367 | D:5      | Noticed Blork the orc
  3371 | D:5      | Killed Blork the orc
  3375 | D:5      | Reached skill level 1 in Fighting
  3375 | D:5      | Reached XP level 8. HP: 24/43 MP: 7/19
  3387 | D:5      | Found a glowing drain.
  3450 | D:5      | Offered knowledge of Throw Flame by Vehumet.
  3538 | Sewer    | Entered a sewer
  3541 | Sewer    | Noticed Purgy
  3546 | Sewer    | Killed Purgy
  3684 | Sewer    | Reached *** piety under Vehumet
  3851 | D:5      | Found a burning altar of Makhleb.
  3916 | D:5      | Noticed Sigmund
  3928 | D:5      | Killed Sigmund
  4032 | D:5      | Found an ancient bone altar of Kikubaaqudgha.
  4595 | D:6      | Found Hus Ushrelua's Elemental Accessories.
  4749 | D:6      | Found a hazy altar of Hepliaklqana.
  4771 | D:6      | Reached XP level 9. HP: 49/49 MP: 11/22
  5227 | D:7      | Offered knowledge of Force Lance by Vehumet.
  5639 | D:7      | Got a faintly glowing spear
  5763 | D:7      | Found a runed door.
  5976 | D:7      | Paralysed by fainting for 12 turns
  5991 | D:7      | Reached **** piety under Vehumet
  6291 | D:7      | Noticed Crazy Yiuf
  6292 | D:7      | Killed Crazy Yiuf
  6349 | D:7      | Noticed Prince Ribbit
  6352 | D:7      | Killed Prince Ribbit
  6425 | D:8      | Offered knowledge of Yara's Violent Unravelling by Vehumet.
  6426 | D:8      | Found a shadowy altar of Dithmenos.
  6471 | D:8      | Found Ytiacren's Antique Weapon Shop.
  6513 | D:8      | Identified the +4 spear "Tegot" {pierce, MR+ Dex+2} (You found it on level 7 of the Dungeon)
  6550 | D:8      | Noticed Grum
  6550 | D:8      | Noticed Erica
  6575 | D:7      | HP: 2/49 [wolf[Grum] (7)]
  6576 | D:7      | Gained mutation: You are partially covered in rugged brown scales. (AC +1, +3% HP) [potion of mutation]
  6576 | D:7      | Gained mutation: Scrolls take you a little longer to read. [potion of mutation]
  6576 | D:7      | Gained mutation: You have a pair of small horns on your head. [potion of mutation]
  6577 | D:7      | Slain by a wolf

Vault maps used:
D:1:      lightli_arrival_boilingwater, nemelex_xobeh_ov_fountains_minmay
D:2:      minitemple
D:3:      tgw_sif
D:4:      temple_green, trog_three_pillars_becter
D:5:      lemuel_zombie_altar_kikubaaqudgha, first_ration,
          gup_sewer_entry_glass, makhleb_heckhound_becter, uniq_sigmund,
          uniq_blork_the_orc
D:6:      lemuel_round_altar, nicolae_elemental_shop
D:7:      cheibrodos_iron_armory, uniq_prince_ribbit1, uniq_crazy_yiuf_cottage
D:8:      serial_shops, nicolae_shop_stone, david_nohive_1, st_stairs_8,
          serial_bayou_ford_a, corexii_hall_statues_u, grunt_dithmenos_smoke,
          uniq_grum, uniq_erica
Temple:   minmay_temple_forest_path
Sewer:    kennysheep_door_sewer

Skill      XL: |  1  2  3  4  5  6  7  8  9 |
---------------+----------------------------+-----
Ice Magic      | 4 5 6 8 9 |  9.5
Spellcasting   | 5 6 7 8 |  8.5
Conjurations   | 4 5 6 8 9 |  9.5
Fighting       | 1 2 |  2.4
Shields        | 3 |  3.2
Dodging        | |  2.4
Stealth        | |  2.4

Action                   |  1- 3 |  4- 6 |  7- 9 || total
-------------------------+-------+-------+-------++-------
Melee: Dagger            |    26 |    66 |   128 ||   220
       Unarmed           |     2 |       |       ||     2
       Spear             |       |       |     6 ||     6
 Cast: Freeze            |    68 |    47 |   100 ||   215
       Ozocubu's Armour  |       |     6 |     5 ||    11
       Blink             |       |     4 |       ||     4
       Throw Icicle      |       |     4 |    96 ||   100
  Use: Scroll            |       |       |     1 ||     1
       Potion            |       |       |     2 ||     2
 Stab: Sleeping          |     2 |     1 |     9 ||    12
  Eat: Chunk             |     2 |     4 |    23 ||    29
Armor: Robe              |    31 |    43 |    25 ||    99
       Troll leather arm |       |       |    83 ||    83
Dodge: Dodged            |    54 |    79 |   119 ||   252
Block: Buckler           |       |       |     6 ||     6

Table legend:
 A = Spawn XP
 B = Non-spawn XP
 C = Spawn XP percentage of total XP
 D = Spawn monster count
 E = Non-spawn monster count
 F = Spawn count percentage of total count
 G = Total turns spent on level
                    A         B        C        D         E        F      G
               +---------+---------+-------+---------+---------+-------+---------
         Total |       0 |    5439 |   0.0 |       0 |     192 |   0.0 |  6577
               +---------+---------+-------+---------+---------+-------+---------
           D:1 |       0 |      20 |   0.0 |       0 |      14 |   0.0 |   710
           D:2 |       0 |      62 |   0.0 |       0 |      23 |   0.0 |   650
           D:3 |       0 |     164 |   0.0 |       0 |      31 |   0.0 |   796
           D:4 |       0 |     314 |   0.0 |       0 |      14 |   0.0 |   604
           D:5 |       0 |    1074 |   0.0 |       0 |      33 |   0.0 |   931
           D:6 |       0 |     817 |   0.0 |       0 |      10 |   0.0 |   837
           D:7 |       0 |    2199 |   0.0 |       0 |      47 |   0.0 |  1292
           D:8 |       0 |     316 |   0.0 |       0 |       7 |   0.0 |   162
        Temple |       0 |     336 |   0.0 |       0 |       7 |   0.0 |   406
         Sewer |       0 |     137 |   0.0 |       0 |       6 |   0.0 |   189
               +---------+---------+-------+---------+---------+-------+---------
